 Dungeon Crawl Stone Soup version 0.30-a0-715-gdb4ae3ece1 (webtiles) character file.

Game seed: 6211724523036222273

2260 OTABOTABOTAB the Destroyer (level 9, 0/45 HPs)
             Began as a Deep Elf Conjurer on Jan 23, 2023.
             Slain by a scorpion (8 damage)
             ... on level 6 of the Dungeon.
             The game lasted 00:10:25 (8247 turns).

OTABOTABOTAB the Destroyer (Deep Elf Conjurer)      Turns: 8247, Time: 00:10:25

Health: 0/45       AC: -2    Str:  4    XL:     9   Next: 15%
Magic:  19/23      EV: 12    Int: 28    God:
Gold:   411        SH:  0    Dex: 13    Spells: 8/24 levels left

rFire   . . .      SeeInvis .    k - +2 sling (heavy)
rCold   . . .      Faith    .    (no shield)
rNeg    . . .      Spirit   .    a - +0 robe
rPois   .          Reflect  .    (no helmet)
rElec   .          Harm     .    (no cloak)
rCorr   .          Rampage  .    (no gloves)
Will    .....                    (no boots)
Stlth   ++                       (no amulet)
HPRegen 0.27/turn                (no ring)
MPRegen 0.18/turn                (no ring)

@: lethally poisoned (0 -> -13), corroded
A: no striking features
a: no special abilities


You were on level 6 of the Dungeon.
You visited 1 branch of the dungeon, and saw 6 of its levels.

You collected 411 gold pieces.

Inventory:

Hand Weapons
 e - a +2 dagger of speed
   (You took it off a goblin on level 3 of the Dungeon)
 k - a +2 heavy sling (weapon)
   (You found it on level 6 of the Dungeon)
Armour
 a - a +0 robe (worn)
Jewellery
 h - a ring of magical power {MP+9}
   (You found it on level 5 of the Dungeon)
Scrolls
 b - a scroll of fog
 i - 4 scrolls of vulnerability {unknown}
 E - a scroll of fear
 X - a scroll of magic mapping {@r4!r}
 Y - 3 scrolls of teleportation {@r3}
Potions
 c - a potion of lignification {unknown}
 d - 2 potions of brilliance {unknown}
 f - 3 potions of heal wounds {unknown}
 g - a potion of degeneration {unknown}
 j - a potion of resistance {unknown}
 H - a potion of haste
 J - 4 potions of curing {@q1}
 L - 2 potions of flight


   Skills:
 - Level 2.4 Dodging
 - Level 2.4 Stealth
 + Level 8.4 Spellcasting
 * Level 10.4 Conjurations
 - Level 5.0 Hexes
 - Level 5.0 Translocations


You had 8 spell levels left.
You knew the following spells:

 Your Spells              Type           Power      Damage    Failure   Level
a - Magic Dart            Conj           100%       1d8       1%          1
b - Searing Ray           Conj           100%       2d8       1%          2
c - Fulminant Prism       Conj/Hex       26%        3d14      1%          4
x - Iskenderun's Mystic   Conj/Tloc      53%        2d11      1%          4
z - Iskenderun's Battles  Conj           63%        2d11      1%          5

Your spell library contained the following spells:

 Spells                   Type           Power      Damage    Failure   Level
 Kiss of Death            Conj/Necr      100%       2d13      1%          1
 Confusing Touch          Hex            39%        N/A       1%          3
 Dazzling Flash           Conj/Hex       100%       N/A       1%          3
 Fireball                 Conj/Fire      20%        3d10      16%         5
 Dispel Undead            Necr           11%        3d9       43%         4
 Orb of Destruction       Conj           31%        9d10      50%         7
 Conjure Ball Lightning   Conj/Air       20%        3x3d6     63%         6


Dungeon Overview and Level Annotations

Branches:
Dungeon (6/15)
 Temple: D:4-7

Altars:
Makhleb
Okawaru
Ru

Shops:
D:2 (   D:4 :


Message History

You now have 14/23 mp.
The magic dart hits the scorpion.
Your battlesphere fires!
The barrage of energy hits the scorpion!
The magic dart hits the scorpion.
You kill the scorpion!
You now have 13/23 mp.
No target in view!
Your battlesphere wavers and loses cohesion.
You now have 385 gold pieces (gained 3).
You open the door.
There is an open door here.
i - a scroll labelled MUKIXK QYEWELAO MP restored: 23 You open the door.
There is an open door here.
An orc wizard comes into view. It is wielding a +0 dagger.
The orc wizard shouts!
You hear a shout!
An orc comes into view. It is wielding a +0 whip.
The orc wizard moves out of view.
An orc comes into view. It is wielding a +0 whip.
You conjure a prism of explosive energy!
The orc shouts!
A fulminant prism comes into view.
You hear a shout!
A sky beast comes into view.
An orc comes into view. It is wielding a +0 short sword.
You now have 19/23 mp.
The sky beast hits your fulminant prism.
The sky beast shocks your fulminant prism.
Your fulminant prism resists.
Your fulminant prism crackles loudly.
The blast of energy engulfs the sky beast!
The blast of energy engulfs the orc!!
You kill the orc!
The blast of energy engulfs the orc wizard!!
You kill the orc wizard!
You feel a bit more experienced.
You hear a bark!
You conjure a prism of explosive energy!
A fulminant prism comes into view.
You now have 16/23 mp.
Your fulminant prism crackles loudly.
The blast of energy engulfs the sky beast!!
You kill the sky beast!
The blast of energy engulfs the orc!!
You kill the orc!
You feel a bit more experienced.
You start resting.
MP restored: 23
Things that are here:
a +0 whip; a +0 scale mail; an orc corpse You now have 399 gold pieces (gained 14).
You see here a +2 heavy sling.
A hound comes into view.
Okay, then.
Okay, then.
You see here a +2 heavy sling.
k - a +2 heavy sling The hound barks!
k - a +2 heavy sling (weapon)
You shoot a sling bullet. The sling bullet hits the hound!
You erupt in a blast of force!
The mystic blast hits the hound!
You kill the hound!
You now have 19/23 mp.
You now have 411 gold pieces (gained 12).
f - 3 coppery potions (gained 2)
You open the door.
There is an open door here.
i - 4 scrolls labelled MUKIXK QYEWELAO (gained 3)
A scorpion and a jelly come into view.
MP restored: 23 Unknown command.
You conjure a globe of magical energy.
You now have 18/23 mp.
Fire: k) +2 sling (heavy)
Aim: a scorpion (asleep, 98% to hit)
You shoot a sling bullet.
The sling bullet hits the scorpion but does no damage.
The jelly quivers.
Fire: k) +2 sling (heavy)
Aim: a scorpion (56% to hit)
You shoot a sling bullet. The sling bullet hits the scorpion.
Fire: k) +2 sling (heavy)
Aim: a scorpion (lightly wounded, 56% to hit)
You shoot a sling bullet.
The sling bullet closely misses the scorpion.
The scorpion barely misses you. The scorpion stings you. x2
You take 9 damage, and have 36/45 hp.
Fire: k) +2 sling (heavy)
Aim: a scorpion (lightly wounded, 56% to hit)
You shoot a sling bullet.
The sling bullet barely misses the scorpion.
The jelly hits you. The acid corrodes you!
You are splashed with acid!
The scorpion stings you!
You are poisoned.
The scorpion poisons you! The jelly hits you.
You are splashed with acid!
* * * LOW HITPOINT WARNING * * *
The scorpion stings you!
You die...

..........#.#
###########+# .
.# #.... .. #.#
#....
...#######.#
#.).)
......$....#
#.)..
...........#
###....
...........#
.......
#...$J@*..#
###.#..
.......s...#
#....
...........#
#..#.
.......###.#
#..#. .......
#.# ....#.
....... #.#
....##. .......
#.#.#######.##.
.[.....
#.#.......#.##.
....
#.#######.#.##.


You could see a scorpion, a jelly and a friendly battlesphere.

Vanquished Creatures
  The ghost of avis the Shooter, an amateur DgHu (D:5)
  Duvessa (D:5)
  2 sky beasts
  2 ogres
  A phantom (D:5)
  A kobold brigand (D:4)
  A necrophage (D:5)
  5 scorpions
  A wyvern skeleton (D:5)
  3 wights (D:3)
  Dowan (D:5)
  2 howler monkeys (D:4)
  A bullfrog zombie (D:5)
  An orc priest (D:4)
  4 hounds
  4 iguanas
  4 orc wizards
  A killer bee zombie (D:5)
  5 adders
  22 gnolls
  2 white imps
  An ufetubus (D:4)
  A worm (D:5)
  4 dart slugs
  26 orcs
  2 bats
  7 endoplasms
  2 giant cockroaches
  7 goblins
  4 hobgoblins
  13 jackals
  5 quokkas
  6 ball pythons
  11 kobolds
  6 rats
160 creatures vanquished.

Vanquished Creatures (others)
  15 fulminant prisms
  2 plants (D:4)
17 creatures vanquished.

Grand Total: 177 creatures vanquished

Notes
Turn   | Place    | Note
-------+----------+-------------------------------------------
     0 | D:1      | OTABOTABOTAB the Deep Elf Conjurer began the quest for the
                  | Orb.
     0 | D:1      | Reached XP level 1. HP: 10/10 MP: 6/6
   148 | D:1      | Reached XP level 2. HP: 15/15 MP: 2/8
   310 | D:1      | Reached skill level 5 in Conjurations
   549 | D:1      | Learned a level 2 spell: Searing Ray
   568 | D:1      | Found a faded altar of an unknown god.
   608 | D:1      | Reached XP level 3. HP: 19/19 MP: 7/10
  1224 | D:2      | Reached skill level 4 in Spellcasting
  1277 | D:2      | Found Ufaech's Weapon Shop.
  1541 | D:2      | Reached XP level 4. HP: 24/24 MP: 10/12
  1572 | D:2      | Learned a level 4 spell: Fulminant Prism
  1577 | D:2      | Learned a level 4 spell: Iskenderun's Mystic Blast
  2278 | D:3      | Found a burning altar of Makhleb.
  2280 | D:3      | Identified the +0 ring mail "Qus Emucw" {rC+}
  2309 | D:3      | Reached skill level 1 in Hexes
  2529 | D:3      | Reached skill level 6 in Conjurations
  2529 | D:3      | Reached skill level 1 in Translocations
  2529 | D:3      | Reached XP level 5. HP: 15/28 MP: 2/13
  2566 | D:3      | Reached skill level 2 in Hexes
  2738 | D:3      | Reached skill level 5 in Spellcasting
  2738 | D:3      | Reached XP level 6. HP: 10/32 MP: 3/15
  2939 | D:3      | Found a sacrificial altar of Ru.
  2941 | D:3      | Reached skill level 2 in Translocations
  3633 | D:4      | Found Ziytaih's Self-Improvement Boutique.
  3640 | D:4      | Reached skill level 3 in Hexes
  3672 | D:4      | Reached skill level 7 in Conjurations
  4575 | D:4      | Reached XP level 7. HP: 36/36 MP: 11/17
  4626 | D:4      | Reached skill level 3 in Translocations
  4782 | D:4      | Reached skill level 4 in Hexes
  4783 | D:4      | Reached skill level 6 in Spellcasting
  5053 | D:4      | Reached skill level 8 in Conjurations
  5436 | D:4      | Reached XP level 8. HP: 32/41 MP: 9/19
  5912 | D:4      | Found an iron altar of Okawaru.
  6022 | D:5      | Entered Level 5 of the Dungeon
  6044 | D:5      | Reached skill level 4 in Translocations
  6271 | D:5      | Learned a level 5 spell: Iskenderun's Battlesphere
  6290 | D:5      | Reached skill level 5 in Hexes
  6406 | D:5      | Noticed Dowan
  6409 | D:5      | Noticed Duvessa
  6424 | D:5      | Killed Duvessa
  6426 | D:5      | Killed Dowan
  6427 | D:5      | Reached skill level 7 in Spellcasting
  6556 | D:5      | Reached skill level 9 in Conjurations
  6977 | D:5      | Reached skill level 5 in Translocations
  7307 | D:5      | Found a runed translucent gate.
  7308 | D:5      | Found a runed translucent gate.
  7308 | D:5      | Found a runed translucent gate.
  7312 | D:5      | Noticed avis's ghost (amateur DgHu)
  7676 | D:5      | HP: 9/41 [killer bee zombie (7)]
  7679 | D:5      | Killed avis's ghost
  7680 | D:5      | Reached skill level 8 in Spellcasting
  7680 | D:5      | Reached skill level 10 in Conjurations
  7680 | D:5      | Reached XP level 9. HP: 17/45 MP: 5/23
  7681 | D:5      | HP: 3/45 [wyvern skeleton (6)]
  8247 | D:6      | HP: 8/45 [acid (7)]
  8247 | D:6      | Slain by a scorpion

Illustrated notes

Levels and vault maps discovered:
D:1:      dpeg_arrival_simpleton_c, layout_basic, basic_ecumenical_altar
D:2:      layout_basic, serial_shops, nicolae_shop_bloodbath_and_beyond
D:3:      layout_loops_ring, nicolae_ru_great_annihilating_truth,
          mainiacjoe_overflow_chevrons
D:4:      lemuel_castle_with_subvaults [lemuel_castle_interior_original],
          layout_basic, okawaru_trees_1, dreamdust_princess_bridge,
          minmay_hedge_maze, nicolae_shop_self_help
D:5:      layout_loops_corners, gammafunk_ghost_necromancy, uniq_duvessa
D:6:      layout_basic, uniq_pikel

Skill      XL: |  1  2  3  4  5  6  7  8 |
---------------+-------------------------+-----
Conjurations   | 5 6 7 8 10 | 10.4
Spellcasting   | 4 5 6 8 |  8.4
Hexes          | 1 2 3 4 5 |  5.0
Translocations | 1 2 3 5 |  5.0
Dodging        | |  2.4
Stealth        | |  2.4

Action                     |  1- 3 |  4- 6 |  7- 9 || total
---------------------------+-------+-------+-------++-------
  Melee: Short sword       |     3 |    10 |       ||    13
         Dagger            |       |     5 |       ||     5
   Fire: Sling             |       |       |     5 ||     5
   Cast: Magic Dart        |    55 |    87 |    97 ||   239
         Searing Ray       |       |    11 |    17 ||    28
         Iskenderun's Myst |       |     3 |    16 ||    19
         Fulminant Prism   |       |     1 |    14 ||    15
         Iskenderun's Batt |       |       |     9 ||     9
    Use: Scroll            |     3 |     6 |     1 ||    10
         Potion            |       |       |     3 ||     3
 Armour: Robe              |     1 |       |       ||     1
  Dodge: Dodged            |     4 |    12 |    22 ||    38

Table legend: (Time is in decaauts)
 A = Elapsed time spent in this place.
 B = Non-inter-level travel time spent in this place.
 C = Inter-level travel time spent in this place.
 D = Time resting spent in this place.
 E = Time spent auto-exploring this place.
 F = Levels seen in this place.
 G = Mean time per level.
                   A        B        C        D        E       F      G
               +--------+--------+--------+--------+--------+-----+--------+
         Total |   8264 |   8107 |    157 |   1389 |   5929 |   6 | 1377.3 |
       Dungeon |   8264 |   8107 |    157 |   1389 |   5929 |   6 | 1377.3 |
               +--------+--------+--------+--------+--------+-----+--------+

Top non-repeatable levels by time:
     D:4: 2717 daAuts
     D:5: 1787 daAuts
     D:3: 1244 daAuts
     D:2: 1217 daAuts
     D:1: 949 daAuts
     D:6: 347 daAuts

Table legend:
 A = Kills in this place as a percentage of kills in entire the game.
 B = Kills by you in this place as a percentage of kills by you in the entire game.
 C = Kills by friends in this place as a percentage of kills by friends in the entire game.
 D = Other kills in this place as a percentage of other kills in the entire game.
 E = Experience gained in this place as a percentage of experience gained in the entire game.
 F = Experience gained in this place divided by the number of levels of this place that you have seen.
                   A       B       C       D       E      F
               +-------+-------+-------+-------+-------+----------------------
         Total | 100.0 | 100.0 |   N/A |   N/A | 100.0 | 538.2
       Dungeon | 100.0 | 100.0 |   N/A |   N/A | 100.0 | 538.2
               +-------+-------+-------+-------+-------+----------------------
